Workbook
Name CMedios: Medios[Descripción]
Name CRespuestas: Fundamentación!$C$13:$C$24
Name CTramites: Fundamentación!$C$29:$C$31

Sheet Fundamentación
A1: Art | B1: Fracc | C1: Contenido
A2: 34 | B2: XV | C2: Recibir y sistematizar y, en su caso, requerir los informes mensuales que deberán enviarle los sujetos obligados, relativos a la recepción y tramitación de solicitudes de información pública que hayan recibido
A3: 54 | B3: VIII | C3: Llevar un registro de las solicitudes de acceso a la información, respuestas, resultados, costos de reproducción y envío
A4: 54 | B4: XII | C4: Informar por escrito a la CEGAIP, de forma mensual, sobre las solicitudes de información recibidas, el trámite y respuesta correspondiente en cada caso
B10: Catálogo de Tipos de Respuesta
B12: Respuesta | C12: Descripción
B13: 1 | C13: Información reservada.
B14: 2 | C14: Información confidencial.
B15: 3 | C15: Se pone a disposición la información para consulta directa.
B16: 4 | C16: Se requiere al solicitante.
B17: 5 | C17: Se tiene por no presentada la solicitud de información, por no atender requerimiento en plazo.
B18: 6 | C18: Sujeto obligado no competente, se le orienta ante qué sujeto obligado presentar su solicitud de información.
B19: 7 | C19: Información se encuentra disponible en la Plataforma.
B20: 8 | C20: Entrega de información por correo electrónico.
B21: 9 | C21: Entrega de información previo pago correspondiente.
B22: 10 | C22: Información Inexistente
B23: 11 | C23: Ampliación de Plazo
B24: 12 | C24: Otros
B26: Catálogo de Tipos de Trámites
B28: Trámite | C28: Descripción
B29: 1 | C29: Recibida
B30: 2 | C30: En trámite
B31: 3 | C31: Contestada
B34: Catálogo de Medios de Envío de la Respuesta
B36: Medio | C36: Descripción
B37: 1 | C37: PNT
B38: 2 | C38: Correo postal tradicional o por correo certificado con acuse de recibo
B39: 3 | C39: Correo electrónico
B40: 4 | C40: Personal
B41: 5 | C41: Telégrafo
B42: 6 | C42: Verbal

Sheet Formato
A1: Mes que reporta | B1: 1 | C1: <== Escriba en esta celda el número de mes que reporta y el año | F1: Resumen | G1: No. de solicitudes recibidas en el mes | H1: 7 | I1: <== No escriba aquí nada, el formato calcula automáticamnete estos valores
B2: =IF(B1>0, CHOOSE(B1,"Enero", "Febrero", "Marzo", "Abril", "Mayo", "Junio", "Julio", "Agosto","Septiembre","Octubre","Noviembre","Diciembre"),"Escriba arriba número de mes a reportar") -> Enero | G2: No. de solicitudes respondidas en el mes | H2: 9 | I2: <== No escriba aquí nada, el formato calcula automáticamnete estos valores
A3: Año que reporta | B3: 2024 | M3: Notas:
M4: 1 | N4: Solamente se capturan datos en celdas en amarillo.
M5: 2 | N5: Los folios pueden ser recibidos en un mes y contestados en otro. Para su correcta contabilización, si un folio es recibido en un mes y contestado en el siguiente, deberá incluirse en ambos reportes. El resumen tomará en cuenta esto para no cotabilizarlo doble.
A6: Reporte enviado a la CEGAIP, Art 34FXV , Art 54FVIII y XII
D7: Actualizado 15/01/2020
A9: Número de folio. | B9: Nombre del solicitante | C9: Fecha de Recepción | D9: Información Solicitada | E9: Trámite | F9: Respuesta | G9: Fecha de Respuesta | H9: Resultado | I9: Costo de Reproducción | J9: Medio de Notificación | K9: Costo de envio | L9: Mes de Recepción | M9: Mes de Respuesta
L10: =IF(Formato!$C10<>"",MONTH(C10),"") | M10: =IF(Formato!$G10<>"",MONTH(G10),"")
A11: 24148442300021 | B11: Aldo Fernandez | C11: 45273 | D11: Solicito la siguiente información: 1.- ¿Esta dependencia destinó recursos para alguna obra, adquisición o acción relacionada con la celebración del LXXIX Campeonato Nacional Charro celebrado en la ciudad de San Luis Potosí capital entre el 9 de noviembre y el 3 de diciembre de 2023? 2.- En caso afirmativo ¿Cuál fue el monto, el concepto y la justificación para que la dependencia ejerciera ese recurso a ese destino específico? 3.- ¿A qué proveedores se acudió para estas obras, adquisiciones o acciones, en caso de que existieran? 4.- En caso negativo, si la dependencia pudiera orientarme para saber qué instancia pudo haber ejercido recursos relacionados con este evento. | E11: Contestada | F11: Entrega de información por correo electrónico. | G11: 45302 | L11: =IF(Formato!$C11<>"",MONTH(C11),"") -> 12 | M11: =IF(Formato!$G11<>"",MONTH(G11),"") -> 1
A12: 24148442300022 | B12: Pedro Hiriart | C12: 45274 | D12: Me gustaría conocer el número de actas de defunción que ha emitido el registro civil estatal. Me gustaría que la información incluya el número total, y que también esté desglosada por municipio en el que falleció la persona. Asimismo, me gustaría conocer los motivos por los que murió. | E12: Contestada | F12: Sujeto obligado no competente, se le orienta ante qué sujeto obligado presentar su solicitud de información. | G12: 45300
A13: 24148442400001 | B13: Hugo Ricardez | C13: 45295 | D13: Comisión Estatal de Atención a Víctimas del Estado de San Luis Potosí | E13: Contestada | F13: Entrega de información por correo electrónico. | G13: 45300 | L13: =IF(Formato!$C13<>"",MONTH(C13),"") -> 1 | M13: =IF(Formato!$G13<>"",MONTH(G13),"") -> 1
A14: 24148442400002 | B14: Luis Gutierrez Padilla | C14: 45295 | D14: Se solicita se proporcionen todas las operaciones de compra de Dólares (Moneda de Curso Legal en los Estados Unidos de América) realizadas por parte de las instituciones públicas gubernamentales de la entidad federativa, a la persona moral denominada CIBanco, S.A., Institución de Banca Múltiple y/o CI Banco, S.A., Institución de Banca Múltiple, dentro del período comprendido entre el mes de septiembre del año 2018 al mes de diciembre de 2023, debiendo incluir el tipo de cambio al cual realizaron dicha adquisición. | E14: Contestada | F14: Entrega de información por correo electrónico. | G14: 45301 | L14: =IF(Formato!$C14<>"",MONTH(C14),"") -> 1 | M14: =IF(Formato!$G14<>"",MONTH(G14),"") -> 1
A15: 24148442400003 | B15: Luis Gutierrez Padilla | C15: 45310 | D15: en virtud de que no responden ninguna llamada ni correo electrónico, solicito por este medio sea atendida mi peticion o informar los datos correctos en donde si sea atendida, siendo la petición la siguiente: Titular de la Unidad de Informática de la Dirección del Registro Civil del Estado de San Luis Potosí. Presente. Yo Luis Gutiérrez Padilla, adulto mayor, por este medio, me permito solicitar de su invaluable apoyo a fin de que gire sus apreciables instrucciones a quien corresponda a fin de que se digitalice mi acta de nacimiento en la Base de Datos Nacional del Registro Civil, lo anterior toda vez que requiero de una copia certificada de expedición reciente para realizar trámites diversos. | E15: Contestada | F15: Sujeto obligado no competente, se le orienta ante qué sujeto obligado presentar su solicitud de información. | G15: 45313 | L15: =IF(Formato!$C15<>"",MONTH(C15),"") -> 1 | M15: =IF(Formato!$G15<>"",MONTH(G15),"") -> 1
A16: 24148442400004 | B16: Fermin Salgado Nolasco | C16: 45317 | D16: cual es el presupuesto que recibieron en el año 2023 Cuales el nombre del titular de esa agrupacion | E16: Contestada | F16: Entrega de información por correo electrónico. | G16: 45317 | L16: =IF(Formato!$C16<>"",MONTH(C16),"") -> 1 | M16: =IF(Formato!$G16<>"",MONTH(G16),"") -> 1
A17: 24148442400005 | B17: Macarena Exposito | C17: 45316 | D17: Solicito se me informe si en su padrón de trabajadores actualmente se cuenta con registro de que CARLOS MANUEL GUZMAN SALAS labore en su institución, en el caso de ser una respuesta afirmativa, solicito se informe en que fecha ingreso, a que área se encuentra adscrito y que nombramiento y/o puesto ostenta | E17: Contestada | F17: Entrega de información por correo electrónico. | G17: 45317 | L17: =IF(Formato!$C17<>"",MONTH(C17),"") -> 1 | M17: =IF(Formato!$G17<>"",MONTH(G17),"") -> 1
A18: 24148442400006 | B18: Adolfo Jr. Hernandez Campos | C18: 45317 | D18: Buen día Por medio de la presente vengo promoviendo en tiempo y en forma el recurso de ratificacion a la denuncia/querella contra quien resulte responsable, interpuesta ante la FISCALIA GENERAL DE LA REPUBLICA FGR de la cual se genero el Oficio No. FGR/FECOR/VUA/1835/2023 por parte de la fiscalia especializada de control regional ventanilla unica de atencion de fecha 28 de agosto del 2023. (De ese oficio original se genero para atenderlo por parte de de la fiscalía regional B de Irapuato Gto en la unidad especializada en investigación de delitos patrimoniales y robo de vehículos de la fiscalía general del estado de Guanajuato, El numero de oficio: 3455/2023, carpeta de investigación: 103515/2023 | E18: Contestada | F18: Sujeto obligado no competente, se le orienta ante qué sujeto obligado presentar su solicitud de información. | G18: 45320 | L18: =IF(Formato!$C18<>"",MONTH(C18),"") -> 1 | M18: =IF(Formato!$G18<>"",MONTH(G18),"") -> 1
A19: 24148442400007 | B19: Luis | C19: 45315 | D19: que convocatorias siguen o están disponibles para participar | E19: En trámite | F19: Se requiere al solicitante. | G19: 45320 | L19: =IF(Formato!$C19<>"",MONTH(C19),"") -> 1 | M19: =IF(Formato!$G19<>"",MONTH(G19),"") -> 1
A20: 24148442400008 | B20: Victor Hugo Melendez Caneal | C20: 45322 | D20: información pendiente | E20: En trámite | L20: =IF(Formato!$C20<>"",MONTH(C20),"") -> 1 | M20: =IF(Formato!$G20<>"",MONTH(G20),"")
L21: =IF(Formato!$C21<>"",MONTH(C21),"") | M21: =IF(Formato!$G21<>"",MONTH(G21),"")
L22: =IF(Formato!$C22<>"",MONTH(C22),"") | M22: =IF(Formato!$G22<>"",MONTH(G22),"")
L23: =IF(Formato!$C23<>"",MONTH(C23),"") | M23: =IF(Formato!$G23<>"",MONTH(G23),"")
L24: =IF(Formato!$C24<>"",MONTH(C24),"") | M24: =IF(Formato!$G24<>"",MONTH(G24),"")
L25: =IF(Formato!$C25<>"",MONTH(C25),"") | M25: =IF(Formato!$G25<>"",MONTH(G25),"")
L26: =IF(Formato!$C26<>"",MONTH(C26),"") | M26: =IF(Formato!$G26<>"",MONTH(G26),"")
L27: =IF(Formato!$C27<>"",MONTH(C27),"") | M27: =IF(Formato!$G27<>"",MONTH(G27),"")
L28: =IF(Formato!$C28<>"",MONTH(C28),"") | M28: =IF(Formato!$G28<>"",MONTH(G28),"")
L29: =IF(Formato!$C29<>"",MONTH(C29),"") | M29: =IF(Formato!$G29<>"",MONTH(G29),"")
L30: =IF(Formato!$C30<>"",MONTH(C30),"") | M30: =IF(Formato!$G30<>"",MONTH(G30),"")
L31: =IF(Formato!$C31<>"",MONTH(C31),"") | M31: =IF(Formato!$G31<>"",MONTH(G31),"")
L32: =IF(Formato!$C32<>"",MONTH(C32),"") | M32: =IF(Formato!$G32<>"",MONTH(G32),"")
... L35: =IF(Formato!$C35<>"",MONTH(C35),"") | M35: =IF(Formato!$G35<>"",MONTH(G35),"")
M38: NOTA:
M39: Llene tantos reglones como sea necesario, acorde al número de solicitudes recibidas
